 Dungeon Crawl Stone Soup version 0.30.1-11-g7821555f0a (webtiles) character file.

Game seed: 6280746414794268137

94 Ijustatesigmund the Digger (level 4, -4/25 HPs)
             Began as a Gargoyle Earth Elementalist on Nov 17, 2023.
             Slain by a +0 spectral club (7 damage)
             ... created by Ijyb
             ... on level 3 of the Dungeon.
             The game lasted 00:03:42 (2520 turns).

Ijustatesigmund the Digger (GrEE)                   Turns: 2520, Time: 00:03:42

Health: -4/25      AC:  7    Str: 11    XL:     4   Next: 63%
Magic:  1/8        EV: 11    Int: 18    God:
Gold:   178        SH:  0    Dex: 10    Spells: 4/8 levels left

rFire   . . .        e - +0 rapier
rCold   . . .        (no shield)
rNeg    + . .        a - +0 robe
rPois   ∞            (no helmet)
rElec   +            (no cloak)
rCorr   .            d - +0 pair of gloves
SInv    .            q - +0 pair of boots
Will    .....        (no amulet)
Stlth   ++           (no ring)
HPRegen 0.24/turn    (no ring)
MPRegen 0.11/turn

%: no passive effects
@: mighty
A: sickness immunity, AC +3, negative energy resistance 1, electricity
resistance, torment resistance 1, petrification resistance
a: no special abilities


You were on level 3 of the Dungeon.
You visited 1 branch of the dungeon, and saw 3 of its levels.

You collected 178 gold pieces.

Inventory:

Hand Weapons
 e - a +0 rapier (weapon)
Missiles
 p - a throwing net
Armour
 a - a +0 robe (worn)
 d - a +0 pair of gloves (worn)
 q - a +0 pair of boots (worn)
Jewellery
 s - a +4 ring of protection
Scrolls
 c - a scroll of brand weapon {unknown}
 g - a scroll of amnesia {unknown}
 l - 2 scrolls of vulnerability {unknown}
Potions
 b - a potion of magic
 f - a potion of might
 h - a potion of haste {unknown}
 i - a potion of brilliance {unknown}
 j - a potion of invisibility {unknown}
 k - a potion of curing {unknown}
 m - a potion of heal wounds {unknown}
 n - a potion of flight {unknown}
 o - a potion of berserk rage {unknown}
 r - a potion of degeneration {unknown}


   Skills:
 + Level 1.1 Fighting
 - Level 1.5 Dodging
 - Level 2.1 Stealth
 + Level 2.9 Spellcasting
 * Level 1.9 Conjurations
 - Level 0.7 Transmutations
 + Level 4.7 Earth Magic


You had 4 spell levels left.
You knew the following spells:

 Your Spells              Type           Power      Damage    Failure   Level
a - Sandblast             Erth           38%        2d10      2%          1
b - Stone Arrow           Conj/Erth      28%        3d8       12%         3

Your spell library contained the following spells:

 Spells                   Type           Power      Damage    Failure   Level
 Passwall                 Tmut/Erth      10%        N/A       9%          2
 Summon Small Mammal      Summ           8%         N/A       17%         1
 Call Canine Familiar     Summ           2%         N/A       45%         3
 Summon Guardian Golem    Hex/Summ       2%         N/A       45%         3
 Petrify                  Tmut/Erth      12%        N/A       47%         4


Dungeon Overview and Level Annotations

Branches:
Dungeon (3/15)

Altars:
Ashenzari
Gozag

Annotations:
D:3 Ijyb


Innate Abilities, Weirdness & Mutations

You are immune to sickness and miasma.
Your stone body is resilient. (AC +3)
You are immune to poison.
You resist negative energy. (rN+)
You are resistant to electric shocks. (rElec)
You are resistant to unholy torment.
You are immune to petrification.


Message History

The spell is quite dangerous to miscast (12% risk of failure)!
Continue anyway?
Aiming: Stone Arrow (quite dangerous; 12% risk of failure)
Press: ? - help, Shift-Dir - straight line, f/p - Ijyb
Aim: Ijyb, wielding a +0 spectral club, wearing a +0 leather armour and carrying a wand of charming (1) (severely wounded, 60% to hit)
You miscast Stone Arrow.
You are very lightly contaminated with residual magic.
Nothing appears to happen.
Ijyb zaps a wand.
Your will is overpowered!
You are confused.
The now-empty wand crumbles to dust.
You bump into the rock wall.
The +0 spectral club disappears.
Ijyb closely misses you. The +0 spectral club barely misses you.
A +0 spectral club comes into view.
You bump into the rock wall.
Ijyb barely misses you. The +0 spectral club hits you.
You bump into the rock wall.
Ijyb hits you with a +0 spectral club.
The +0 spectral club closely misses you.
You bump into the rock wall.
Ijyb hits you but does no damage. The +0 spectral club hits you.
You're too confused to cast spells.
Sorry, you're not good enough to have a special ability.
Unknown command.
It was a potion of might.
You feel very mighty all of a sudden. Ijyb closely misses you.
The +0 spectral club hits you.
You bump into the rock wall.
You feel less confused. Ijyb hits you with a +0 spectral club.
The +0 spectral club hits you but does no damage.
You hit Ijyb but do no damage.
Ijyb is severely wounded.
Ijyb hits you with a +0 spectral club. The +0 spectral club hits you.
Ijyb hits you but does no damage. The +0 spectral club hits you.
* * * LOW HITPOINT WARNING * * *
Your magical contamination has completely faded away.
You closely miss Ijyb.
Ijyb is severely wounded.
The +0 spectral club barely misses you. The +0 spectral club hits you.
* * * LOW HITPOINT WARNING * * *
Ijyb hits you but does no damage. The +0 spectral club hits you!
You die...

#...#
###.#
#.#
#.# ##
#.#
...#
#.#
#...
#.#
#..#(#
#.g@#
#.###
#. .
##


You could see a +0 spectral club and Ijyb.

Vanquished Creatures
  An adder (D:2)
  5 dart slugs
  4 endoplasms
  4 goblins (D:1)
  6 hobgoblins
  8 jackals
  11 kobolds
  4 quokkas
  7 ball pythons
  7 bats
  7 frilled lizards
  6 rats
70 creatures vanquished.

Notes
Turn   | Place    | Note
-------+----------+-------------------------------------------
     0 | D:1      | Ijustatesigmund the Gargoyle Earth Elementalist began the
                  | quest for the Orb.
     0 | D:1      | Reached XP level 1. HP: 10/10 MP: 3/3
   279 | D:1      | Reached XP level 2. HP: 15/15 MP: 3/5
   292 | D:1      | Reached skill level 4 in Earth Magic
   504 | D:1      | Reached XP level 3. HP: 19/19 MP: 2/6
   514 | D:1      | Learned a level 3 spell: Stone Arrow
  1177 | D:1      | Reached skill level 1 in Conjurations
  1601 | D:2      | Reached XP level 4. HP: 24/24 MP: 6/8
  1849 | D:2      | Reached skill level 1 in Fighting
  1869 | D:2      | Found a broken altar of Ashenzari.
  2401 | D:3      | Found an opulent altar of Gozag.
  2506 | D:3      | Noticed Ijyb
  2520 | D:3      | Slain by a +0 spectral club

Illustrated notes

Levels and vault maps discovered:
D:1:      lightli_arrival_farm, layout_basic, minmay_heptomino_o4
D:2:      layout_loops_cross, basic_altar
D:3:      layout_loops_ring, lemuel_coloured_pillars_altar,
          chequers_decorated_corner, hex_tiny, minmay_mini_jars, uniq_ijyb

Skill      XL: |  1  2  3  4 |
---------------+-------------+-----
Earth Magic    | 4 |  4.7
Conjurations   | 1 |  1.9
Fighting       | 1 |  1.1
Dodging        | |  1.5
Stealth        | |  2.1
Spellcasting   | |  2.9
Transmutations | |  0.7

Action                     |  1- 3 |  4- 6 || total
---------------------------+-------+-------++-------
  Melee: Rapier            |    55 |    26 ||    81
   Cast: Sandblast         |    57 |    28 ||    85
    Use: Potion            |       |     1 ||     1
 Armour: Robe              |    26 |    21 ||    47
  Dodge: Dodged            |    63 |    26 ||    89
